 Dungeon Crawl Stone Soup version 0.27-a0-412-g8dd771eca2 (webtiles) character file.

Game seed: 2699109246450662653

9885 foci the Cleaver (level 11, -11/67 HPs)
             Began as a Gargoyle Fighter on Feb 24, 2021.
             Was a Priest of Makhleb.
             Killed from afar by an efreet (20 damage)
             ... with a fireball
             ... in a Gauntlet.
             The game lasted 00:23:52 (8721 turns).

foci the Cleaver (Gargoyle Fighter)                 Turns: 8721, Time: 00:23:52

Health: -11/67     AC: 26    Str: 21    XL:     11   Next: 53%
Magic:  13/13      EV: 12    Int: 10    God:    Makhleb [***...]
Gold:   800        SH: 11    Dex: 10    Spells: 10/10 levels left

rFire    . . .     SeeInvis +   A - +4 war axe of Quantum Leap {flame, +Blink}
rCold    . . .     Faith    .   u - +2 buckler
rNeg     + . .     Spirit   .   a - +4 ring mail
rPois    ∞         Reflect  +   m - +2 helmet {SInv}
rElec    +         Harm     .   h - +2 cloak
rCorr    .         Rampage  .   (no gloves)
Will     .....     NoTele   +   g - +1 pair of boots "Leguompi" {Regen+ Stlth+}
Stlth    +.........             y - amulet of reflection
HPRegen  1.21/turn              (no ring)
MPRegen  0.13/turn              (no ring)

@: mighty
A: negative energy resistance 1, electricity resistance, unbreathing,
petrification resistance, miasma immunity, AC +8
a: Renounce Religion, Evoke Blink, Minor Destruction, Lesser Servant of Makhleb


You were in a Gauntlet.
You worshipped Makhleb.
Makhleb was most pleased with you.
You visited 3 branches of the dungeon, and saw 12 of its levels.
You also visited: Gauntlet.

You collected 800 gold pieces.

Inventory:

Hand Weapons
 A - the +4 war axe of Quantum Leap (weapon) {flame, +Blink}
   (You found it on level 8 of the Dungeon)

   It has been specially enchanted to burn those struck by it, causing extra
   injury to most foes and up to half again as much damage against particularly
   susceptible opponents.
   Big, fiery blades are also staple armaments of hydra-hunters.
   It lets you blink.
Armour
 a - a +4 ring mail (worn)
 g - the +1 pair of boots "Leguompi" (worn) {Regen+ Stlth+}
   (You acquired it on level 5 of the Dungeon)

   It increases your rate of regeneration.
   It makes you more stealthy.
 h - a +2 cloak (worn)
 m - a +2 helmet of see invisible (worn)
 u - a +2 buckler (worn)
Jewellery
 k - an amulet of regeneration
 y - an amulet of reflection (around neck)
Wands
 b - a wand of iceblast (15)
 v - a wand of digging (5)
 D - a wand of polymorph (6)
 E - a wand of charming (9)
Scrolls
 e - 8 scrolls of teleportation
 i - a scroll of magic mapping
 j - 3 scrolls of amnesia
 n - 2 scrolls of fear
 o - 2 scrolls of blinking
 t - a scroll of fog
 B - a scroll of silence
Potions
 d - a potion of might
 l - 2 potions of berserk rage
 p - 3 potions of haste
 q - 2 potions of magic
 r - a potion of cancellation {unknown}
 s - 3 potions of lignification
 w - a potion of brilliance {unknown}
 x - a potion of ambrosia {unknown}
 C - 2 potions of flight {unknown}


   Skills:
 + Level 7.0 Fighting
 * Level 12.8 Axes
 + Level 5.1 Armour
 + Level 3.9 Dodging
 - Level 4.0 Shields
 * Level 3.9 Invocations
 * Level 4.5 Evocations


You had 10 spell levels left.
You didn't know any spells.
Your spell library contained the following spells:

 Spells                   Type           Power        Failure   Level
 Animate Skeleton         Necr           0%           52%         1
 Beastly Appendage        Tmut           0%           52%         1
 Pain                     Necr           0%           52%         1
 Corpse Rot               Necr/Air       N/A          65%         2
 Wereblood                Tmut           0%           65%         2
 Spider Form              Tmut/Pois      0%           87%         3
 Vampiric Draining        Necr           0%           87%         3
 Animate Dead             Necr           0%           99%         4
 Dispel Undead            Necr           0%           99%         4
 Ice Form                 Ice/Tmut       0%           99%         4
 Agony                    Necr           0%           100%        5
 Blade Hands              Tmut           0%           100%        5
 Excruciating Wounds      Necr           0%           100%        5
 Sublimation of Blood     Necr           Unusable     N/A         2

Dungeon Overview and Level Annotations

Branches:
Dungeon (10/15)            Temple (1/1) D:7            Lair (1/6) D:8
    Orc (0/2) D:9         Gauntlet (1/1)

Altars:
Ashenzari
Cheibriados
Dithmenos
Elyvilon
Fedhas
Gozag
Hepliaklqana
Kikubaaqudgha
Makhleb
Nemelex Xobeh
Okawaru
Qazlal
Ru
Sif Muna
Trog
Uskayaw
Vehumet
Wu Jian
Xom
Yredelemnul
Zin
The Shining One

Shops:
D:6 [(=:

Annotations:
Gauntlet 7 transporters, 1 runed translucent door


Innate Abilities, Weirdness & Mutations

You are resistant to torment.
Your stone body is resilient. (AC +8)
You are immune to poison.
You resist negative energy. (rN+)
You are resistant to electric shocks. (rElec)
You can survive without breathing.
You are immune to petrification.
You are immune to miasma.


Message History

You feel better.
You closely miss the hell hound. The hell hound closely misses you.
You hit the hell hound but do no damage.
The hell hound is moderately wounded.
You slash the fire elemental!
The hell hound bites you but does no damage.
The fire elemental hits you. The fire elemental burns you!
The hell hound bites you but does no damage.
You barely miss the hell hound.
The hell hound is moderately wounded.
You closely miss the fire elemental. You block the fire elemental's attack.
The hell hound breathes flames at you. The blast of flame hits you!
You miss the hell hound.
The hell hound is moderately wounded.
You slash the fire elemental! The fire elemental closely misses you.
The hell hound bites you. You block the fire elemental's attack.
You slice the fire elemental!!
You destroy the fire elemental!
Makhleb accepts your kill.
You miss the hell hound. The hell hound bites you!
You block the hell hound's attack.
You miss the hell hound. You closely miss the hell hound.
You block the hell hound's attack. The efreet gestures at you.
The fireball explodes!
The fireball engulfs the hell hound.
The hell hound completely resists.
The fireball engulfs the hell hound.
The hell hound completely resists.
The fireball engulfs you!
The fireball engulfs the efreet.
The efreet completely resists.
You block the hell hound's attack.
You feel very mighty all of a sudden. The hell hound breathes flames at you.
The blast of flame hits you!
* * * LOW HITPOINT WARNING * * *
The hell hound barely misses you. The efreet gestures at you.
The fireball explodes!
The fireball engulfs the hell hound.
The hell hound completely resists.
The fireball engulfs the hell hound.
The hell hound completely resists.
The fireball engulfs you!!
You die...

##≈.#.?.h.yh#.#..#©#}.#.≈#
##.###################.##
#≈....#©.........©#....≈#
#≈≈..8.#.8.8.8.8.8.#.8..≈≈
##≈....#©.........©#....≈#
##.#########.#########.##
#≈.#.....°○#.#hhbb...#.≈#
#≈≈.#.#####R#.####.####.≈≈
##≈.#.+..@h.#.#h.#.#.h#.≈#
##.#.#.©h#.###h##h##.#.##
##≈.#.#≈≈≈#.#.#.#...#.#.≈#
#≈≈.#.#####.#.#.#^.^#.#.≈≈
#≈.#.[.©$$.#.#.[:©!..#.≈#
##.#########.#########.##
#≈.....................≈#
#≈≈≈#≈≈≈#..∩.8.∩..#≈≈≈#≈≈≈
# ≈###≈###.......###≈###≈#


You could see a hell hog, an efreet and 5 hell hounds.

Vanquished Creatures
  A death ooze (Gauntlet)
  A komodo dragon (Lair:1)
  2 trolls
  5 yaks (D:10)
  2 wraiths (D:10)
  4 wyverns
  A fire elemental (Gauntlet)
  3 swamp worms (Gauntlet)
  A hell hound (Gauntlet)
  3 water moccasins (D:8)
  7 orc warriors
  3 ice beasts
  A sky beast (D:7)
  5 black bears
  2 necrophages (D:9)
  9 ogres
  A centaur (D:6)
  2 wolves (D:8)
  3 kobold brigands (D:9)
  3 bullfrogs
  2 scorpions
  12 killer bees
  3 wights (D:8)
  3 howler monkeys
  A quasit (D:9)
  4 bullfrog skeletons
  4 bullfrog zombies
  2 centaur zombies
  5 orc priests
  6 hounds
  2 jellies
  2 centaur skeletons
  2 iguanas
  10 orc wizards
  8 worker ants
  2 hound zombies
  A worker ant zombie (D:5)
  A howler monkey skeleton (D:4)
  11 gnolls
  14 adders
  4 shadow imps
  2 white imps
  2 ufetubi
  3 adder zombies
  2 adder skeletons
  6 worms
  2 dart slugs
  6 leopard geckos
  42 orcs
  4 ball pythons
  7 giant cockroaches
  14 goblins
  8 hobgoblins
  9 jackals
  6 kobolds
  4 quokkas
  11 bats
  3 frilled lizards
  A giant cockroach zombie (D:5)
  A jackal skeleton (D:5)
  A leopard gecko skeleton (D:5)
  A leopard gecko zombie (D:5)
  A quokka zombie (D:5)
  7 rats
301 creatures vanquished.

Vanquished Creatures (others)
  Robin (D:2)
  6 goblins (D:2)
  3 hobgoblins (D:2)
  A fungus (D:8)
  29 plants (D:8)
  5 withered plants (D:5)
45 creatures vanquished.

Grand Total: 346 creatures vanquished

Notes
Turn   | Place    | Note
-------+----------+-------------------------------------------
     0 | D:1      | foci the Gargoyle Fighter began the quest for the Orb.
     0 | D:1      | Reached XP level 1. HP: 14/14 MP: 1/1
   258 | D:1      | Reached XP level 2. HP: 19/19 MP: 2/2
   299 | D:1      | Reached skill level 2 in Axes
   606 | D:1      | Reached XP level 3. HP: 23/23 MP: 3/3
  1000 | D:2      | Killed Robin
  1371 | D:2      | Reached XP level 4. HP: 28/28 MP: 4/4
  1540 | D:2      | Reached skill level 3 in Axes
  1916 | D:3      | You fall into a shaft and drop 3 floors!
  1916 | D:6      | Found Bumak's Weapon Shop.
  1921 | D:6      | Reached XP level 5. HP: 33/33 MP: 5/5
  1944 | D:5      | Entered Level 5 of the Dungeon
  2258 | D:5      | Reached skill level 4 in Axes
  2382 | D:5      | Reached XP level 6. HP: 32/38 MP: 6/6
  2853 | D:4      | Reached skill level 5 in Axes
  3046 | D:3      | Reached XP level 7. HP: 43/43 MP: 7/7
  3491 | D:3      | Found a glowing golden altar of the Shining One.
  3573 | D:4      | Reached skill level 1 in Dodging
  3750 | D:4      | Reached skill level 6 in Axes
  3812 | D:4      | Found a basalt altar of Yredelemnul.
  3825 | D:4      | Found a bloodstained altar of Trog.
  3825 | D:4      | Found a radiant altar of Vehumet.
  3838 | D:4      | Found a shimmering blue altar of Sif Muna.
  3841 | D:4      | Found a hazy altar of Hepliaklqana.
  4118 | D:5      | Identified a scroll of acquirement
  4122 | D:5      | Acquired the +1 pair of boots "Leguompi" {Regen+ Stlth+}
  4166 | D:5      | Reached skill level 7 in Axes
  4166 | D:5      | Reached XP level 8. HP: 36/48 MP: 8/8
  4766 | D:6      | Found Jokhyt's Book Shoppe.
  4901 | D:6      | Found an opulent altar of Gozag.
  4902 | D:6      | Found a sparkling altar of Nemelex Xobeh.
  5053 | D:6      | Reached skill level 8 in Axes
  5116 | D:6      | Reached skill level 5 in Fighting
  5235 | D:6      | Found Ceuzues's Jewellery Emporium.
  5251 | D:6      | Found Qakhium's Armour Boutique.
  5276 | D:6      | Found an opulent altar of Gozag.
  5315 | D:6      | Found a burning altar of Makhleb.
  5326 | D:6      | Became a worshipper of Makhleb the Destroyer
  5370 | D:6      | Reached skill level 1 in Evocations
  5616 | D:7      | Reached XP level 9. HP: 54/54 MP: 9/9
  5626 | D:7      | Found a staircase to the Ecumenical Temple.
  5656 | Temple   | Entered the Ecumenical Temple
  5910 | D:7      | Reached skill level 9 in Axes
  6498 | D:8      | Found a staircase to the Lair.
  6584 | D:8      | Reached skill level 10 in Axes
  6584 | D:8      | Reached skill level 5 in Armour
  6606 | D:8      | Reached * piety under Makhleb
  6658 | D:8      | Reached XP level 10. HP: 46/60 MP: 10/10
  6923 | D:8      | Found a shimmering altar of Xom.
  6953 | D:8      | Reached skill level 1 in Invocations
  7110 | D:8      | Got a bloodstained war axe
  7111 | D:8      | Identified the +4 war axe of Quantum Leap {flame, +Blink}
                  | (You found it on level 8 of the Dungeon)
  7176 | D:8      | Found a sacrificial altar of Ru.
  7390 | D:9      | Reached ** piety under Makhleb
  7396 | D:9      | Reached skill level 11 in Axes
  7639 | D:9      | Found an opulent altar of Gozag.
  7714 | D:9      | Found a staircase to the Orcish Mines.
  7812 | D:10     | Entered Level 10 of the Dungeon
  7878 | D:10     | Reached skill level 12 in Axes
  7878 | D:10     | Reached XP level 11. HP: 62/66 MP: 13/13
  7946 | D:10     | Reached *** piety under Makhleb
  8387 | Lair:1   | Entered Level 1 of the Lair of Beasts
  8413 | Lair:1   | Found a gate leading to a gauntlet.
  8424 | Gauntlet | Entered a Gauntlet
  8424 | Gauntlet | Found a transporter.
  8424 | Gauntlet | Found a transporter.
  8426 | Gauntlet | Found a transporter.
  8429 | Gauntlet | Found a transporter.
  8446 | Gauntlet | Found a transporter.
  8448 | Gauntlet | Noticed a death ooze
  8452 | Gauntlet | Found a runed translucent gate.
  8454 | Gauntlet | Found a transporter.
  8455 | Gauntlet | Found a runed translucent gate.
  8456 | Gauntlet | Found a runed translucent gate.
  8458 | Gauntlet | Found a transporter.
  8466 | Gauntlet | Found a transporter.
  8466 | Gauntlet | Noticed a hell hog
  8480 | Gauntlet | Found a runed translucent door.
  8482 | Gauntlet | Found a transporter.
  8484 | Gauntlet | Found a runed translucent door.
  8525 | Gauntlet | Noticed a wolf spider
  8525 | Gauntlet | a torpor snail changed into a wolf spider
  8529 | Gauntlet | Noticed a glowing orange brain
  8538 | Gauntlet | Noticed a deep troll
  8538 | Gauntlet | a wolf spider changed into a deep troll
  8564 | Gauntlet | Found a transporter.
  8571 | Gauntlet | Noticed a moth of wrath
  8575 | Gauntlet | Found a transporter.
  8576 | Gauntlet | Found a transporter.
  8646 | Gauntlet | Noticed an anaconda
  8658 | Gauntlet | Noticed a wolf spider
  8658 | Gauntlet | a glowing orange brain changed into a wolf spider
  8674 | Gauntlet | Killed a death ooze
  8721 | Gauntlet | Killed from afar by an efreet

Illustrated notes

Levels and vault maps discovered:
D:1:      psy_arrival_whirlpool, layout_basic, minmay_misc_feat_chi,
          patterned_corridor
D:2:      minmay_evil_eye, layout_basic, lemuel_old_faithful, uniq_robin
D:3:      layout_basic, tso_oasis_becter
D:4:      layout_rooms, minmay_overflow_temple_star_hex, skrybe_limestone_x
D:5:      layout_loops_ring, serial_undead, serial_undead_d, serial_undead_d,
          serial_undead_e, serial_undead_e, serial_undead_c, serial_undead_e,
          minmay_misc_feat_plants
D:6:      layout_loops_ring, grunt_temple_overflow_opulence,
          makhleb_heckhound_becter, serial_shops, shop_coins, shop, shop, shop,
          basic_altar
D:7:      layout_cave_pools, minmay_temple_entry_drinking_statues
D:8:      layout_cave_pods, xom_butterflies, general_overflow_altar,
          minmay_lair_entry_grove
D:9:      layout_rooms, kennysheep_orc_monster_closet_entryway,
          nicolae_gozag_seed_capital
D:10:     layout_basic
Temple:   minmay_temple_curvy_loop
Lair:1:   layout_misc_corridors, gauntlet_entry_generic,
          portal_ice_cave_entry_pillars_1
Gauntlet: minmay_gauntlet_77_indecision [minmay_gauntlet_arena_77_squiggly,
          minmay_gauntlet_arena_77_chump_sandwich,
          minmay_gauntlet_arena_77_run_for_it, minmay_gauntlet_arena_77_box,
          minmay_gauntlet_arena_77_mirror, minmay_gauntlet_arena_77_shame_cube,
          gauntlet_exit_green]

Skill      XL: |  1  2  3  4  5  6  7  8  9 10 11 |
---------------+----------------------------------+-----
Axes           | 2 3 4 5 7 8 10 12 | 12.8
Shields        | 4 |  4.0
Fighting       | 4 5 6 7 |  7.0
Armour         | 4 5 |  5.1
Dodging        | 1 2 3 |  3.9
Evocations     | 1 2 4 |  4.5
Invocations    | 3 |  3.9

Action                   |  1- 3 |  4- 6 |  7- 9 | 10-12 || total
-------------------------+-------+-------+-------+-------++-------
Melee: War axe           |   101 |   213 |   508 |   283 ||  1105
  Use: Potion            |       |     2 |       |     1 ||     3
       Scroll            |       |       |    13 |     6 ||    19
 Stab: Sleeping          |       |       |     1 |     2 ||     3
       Distracted        |       |       |     1 |       ||     1
Armor: Scale mail        |    85 |   176 |    94 |       ||   355
       Leather armour    |       |       |   170 |   134 ||   304
       Ring mail         |       |       |       |     7 ||     7
Dodge: Dodged            |    48 |    76 |   281 |   156 ||   561
Block: Kite shield       |    89 |    69 |       |       ||   158
       Buckler           |       |    15 |   220 |   168 ||   403
       Reflection        |       |       |     2 |       ||     2

Table legend: (Time is in decaauts)
 A = Elapsed time spent in this place.
 B = Non-inter-level travel time spent in this place.
 C = Inter-level travel time spent in this place.
 D = Time resting spent in this place.
 E = Time spent auto-exploring this place.
 F = Levels seen in this place.
 G = Mean time per level.
                   A        B        C        D        E       F      G
               +--------+--------+--------+--------+--------+-----+--------+
         Total |   8919 |   8533 |    386 |    402 |   5124 |  13 |  686.1 |
       Dungeon |   8361 |   8000 |    361 |    402 |   4920 |  10 |  836.1 |
        Temple |    228 |    204 |     24 |      0 |    204 |   1 |  228.0 |
          Lair |     36 |     36 |      0 |      0 |      0 |   1 |   36.0 |
      Gauntlet |    292 |    292 |      0 |      0 |      0 |   1 |  292.0 |
               +--------+--------+--------+--------+--------+-----+--------+

Top non-repeatable levels by time:
     D:5: 1259 daAuts
     D:6: 1164 daAuts
     D:1: 1041 daAuts
     D:8: 977 daAuts
     D:2: 930 daAuts
     D:4: 734 daAuts
     D:3: 665 daAuts
     D:9: 547 daAuts
    D:10: 534 daAuts
     D:7: 505 daAuts
Gauntlet: 292 daAuts
  Temple: 228 daAuts
  Lair:1: 36 daAuts
